 Dungeon Crawl Stone Soup version 0.14-a0-2604-g6f603d6 (webtiles) character file.

185 4tharraofdagon the Twirler (level 4, 0/23 HPs)
             Began as a Vine Stalker Gladiator on Feb 13, 2014.
             Succumbed to a kobold's poison
             ... on Level 3 of the Dungeon.
             The game lasted 00:04:51 (819 turns).

4tharraofdagon the Twirler (Vine Stalker Gladiator)  Turns: 819, Time: 00:04:51

HP   0/23        AC  6     Str 18      XL: 4   Next: 40%
MP   5/5         EV 10     Int  8      God:
Gold 104         SH  0     Dex 15      Spells:  0 memorised,  3 levels left

rFire  . . .     SeeInvis .     a - +0 quarterstaff
rCold  . . .     Clarity  .     v - +0 orc ring mail
rNeg   . . .     Conserve .     (no shield)
rPois  .         rCorr    .     c - +0 helmet
rElec  .         rRot     +     (no cloak)
SustAb . .       Spirit   +     (no gloves)
rMut   .         Warding  .     (no boots)
Saprov . . .     Stasis   .     (no amulet)
MR     .....                    (no ring)
                                s - cursed ring of hunger

@: mildly poisoned, very slightly contaminated, hasted, very quick, not
resistant to hostile enchantments, very unstealthy
A: fangs 2, regeneration 1, magic shield, antimagic bite, no device heal
a: no special abilities


You were on level 3 of the Dungeon.
You were not hungry.

You visited 1 branch of the dungeon, and saw 4 of its levels.

You collected 104 gold pieces.

Inventory:

Hand weapons
 a - a +0,+0 quarterstaff (weapon)
 w - a +0 blowgun
Missiles
 d - 2 throwing nets (quivered)
 i - 19 darts
 m - a throwing net [frayed]
 x - 12 poisoned needles
Armour
 b - a +0 leather armour
 c - a +0 helmet (worn)
 o - a +0 buckler
 v - a +0 orcish ring mail (worn)
Magical devices
 n - a wand of slowing (7)
Comestibles
 f - 3 bread rations
 g - a pear
 p - a snozzcumber
Scrolls
 e - 5 scrolls of identify {unknown}
 h - 2 scrolls of curse weapon {unknown}
 k - a scroll of teleportation {unknown}
 l - 2 scrolls of enchant weapon I {unknown}
 r - 2 scrolls of remove curse {unknown}
 t - a scroll of blinking {unknown}
Jewellery
 j - an uncursed ring of fire
 s - a cursed ring of hunger (left hand)


   Skills:
 + Level 2.1 Fighting
 * Level 3.6 Staves
 - Level 1.7 Throwing
 + Level 0.7 Armour
 + Level 2.9 Dodging
 + Level 1.0 Evocations


You had 3 spell levels left.
You didn't know any spells.

Dungeon Overview and Level Annotations

Branches:
Dungeon (4/16)
 Temple: D:4-7

Altars:


Innate Abilities, Weirdness & Mutations

You have extremely sharp teeth.
Your natural rate of healing is unusually fast.
When hurt, damage is shared between your health and your magic reserves.
Your bite disrupts and absorbs the magic of your enemies.
Potions and wands cannot restore your HP.


Message History

You feel sick.
e - 5 scrolls labeled ARYITOCKOT (gained 1)
* * * LOW HITPOINT WARNING * * *
You feel sick.
A hobgoblin comes into view.
The hobgoblin shouts!
* * * LOW HITPOINT WARNING * * *
You feel sick.
Found an emulsified red potion.
* * * LOW HITPOINT WARNING * * *
You feel sick.
* * * LOW HITPOINT WARNING * * *
You feel sick. The hobgoblin barely misses you.
Unknown command.
* * * LOW HITPOINT WARNING * * *
You feel sick.
You feel a little better.
Found 10 gold pieces.
You die...

. #.# #.# #.# # #.#
#.#+####.###########
##########..$...............#
........### #...............#####
....>...'.# #...@..........%.....
.......<#.o##...............#....
........##.o+...............##...
........# ###.....g.........##...
........# #!..............##...
........# #...............##...
#####'### ########+#########...
#)# #... #.## ####


You could see a hobgoblin.

Vanquished Creatures
  Ijyb (D:2)
  An adder (D:2)
  A worm (D:3)
  7 orcs
  A ball python (D:3)
  5 bats
  2 giant cockroaches
  4 goblins
  4 hobgoblins
  2 jackals (D:3)
  A quokka (D:3)
  A giant gecko (D:2)
  3 giant newts
  4 kobolds
  7 rats
44 creatures vanquished.

Vanquished Creatures (others)
  A toadstool (D:2)
1 creature vanquished.

Grand Total: 45 creatures vanquished

Notes
Turn   | Place    | Note
--------------------------------------------------------------
     0 | D:1      | 4tharraofdagon, the Vine Stalker Gladiator, began the quest for the Orb.
     0 | D:1      | Reached XP level 1. HP: 11/11 MP: 1/1
   184 | D:2      | Reached skill level 3 in Staves
   188 | D:2      | Reached XP level 2. HP: 15/15 MP: 3/3
   288 | D:2      | Reached XP level 3. HP: 18/18 MP: 4/4
   341 | D:2      | Noticed Ijyb
   353 | D:2      | Killed Ijyb
   589 | D:3      | Reached XP level 4. HP: 12/23 MP: 5/5
   607 | D:3      | Reached skill level 1 in Evocations
   815 | D:3      | HP: 1/23 [poisoned by a kobold]
   819 | D:3      | Succumbed to a kobold's poison

Action                   |  1- 3 |  4- 6 || total
-------------------------+-------+-------++-------
Melee: Quarterstaff      |    79 |    40 ||   119
Throw: Throwing net      |     2 |       ||     2
Evoke: Wand              |     1 |       ||     1
  Use: Potion            |       |     2 ||     2
 Stab: Held in net/web   |     1 |       ||     1
